 Dungeon Crawl Stone Soup version 0.22-a0-409-gb855193 (webtiles) character file.

448 nikopol the Magician (level 6, -4/33 HPs)
             Began as a Deep Elf Fire Elementalist on May 10, 2018.
             Engulfed by a cloud of steam (9 damage)
             ... on level 5 of the Dungeon.
             The game lasted 00:24:15 (5484 turns).

nikopol the Magician (Deep Elf Fire Elementalist)   Turns: 5484, Time: 00:24:15

Health: -4/33      AC:  3    Str:  5    XL:     6   Next: 73%
Magic:  14/26      EV: 12    Int: 24    God:
Gold:   60         SH:  0    Dex: 15    Spells: 7/17 levels left

rFire    . . .     SeeInvis .   j - +1 dagger (elec)
rCold    . . .     Gourm    .   (no shield)
rNeg     . . .     Faith    .   k - -2 robe
rPois    .         Spirit   .   g - +2 helmet
rElec    .         Reflect  .   (no cloak)
rCorr    .         Harm     .   (no gloves)
MR       .....                  (no boots)
Stlth    +.........             (no amulet)
HPRegen  0.11/turn              f - +2 ring of intelligence
MPRegen  0.20/turn              i - ring of magical power

@: heavily drained, very slow
A: no striking features
a: no special abilities


You were on level 5 of the Dungeon.
You were not hungry.

You visited 2 branches of the dungeon, and saw 6 of its levels.

You collected 130 gold pieces.
You spent 70 gold pieces at shops.

Inventory:

Hand Weapons
 j - a +1 dagger of electrocution (weapon)
Armour
 a - a +0 robe
 g - a +2 helmet (worn)
 k - a -2 robe (worn)
Jewellery
 f - a +2 ring of intelligence (left hand)
 h - an uncursed amulet of faith
 i - a ring of magical power (right hand)
Scrolls
 d - 3 scrolls of teleportation
 e - a scroll of enchant armour
 o - 3 scrolls of remove curse
 s - 5 scrolls of identify
 u - 2 scrolls of fog {unknown}
Potions
 b - 2 potions of brilliance {unknown}
 l - a potion of mutation {unknown}
 n - 2 potions of curing {unknown}
 q - 4 potions of flight {unknown}
 t - a potion of heal wounds {unknown}
 w - 2 potions of degeneration {unknown}
 x - a potion of berserk rage {unknown}
Comestibles
 c - 11 rations
 m - 3 chunks of flesh


   Skills:
 + Level 0.4(0.0) Fighting
 + Level 3.2(1.7) Dodging
 + Level 3.6(2.1) Stealth
 + Level 6.4(4.8) Spellcasting
 + Level 3.2(1.7) Conjurations
 + Level 5.1(3.6) Fire Magic


You had 7 spell levels left.
You knew the following spells:

 Your Spells              Type           Power        Failure   Level  Hunger
a - Flame Tongue          Conj/Fire      ###..        3%          1    None
b - Throw Flame           Conj/Fire      ###...       4%          2    None
c - Conjure Flame         Conj/Fire      ###.....     9%          3    ##.....
d - Sticky Flame          Conj/Fire      ###.....     30%         4    ####...


Dungeon Overview and Level Annotations

Branches:
Dungeon (5/15)             Temple (1/1) D:4

Altars:
Cheibriados
Elyvilon
Fedhas
Kikubaaqudgha
Okawaru
Qazlal
Ru
Sif Muna
Uskayaw

Shops:
D:4 ?

Portals:
Sewer: D:5


Message History

Press: ? - help, Shift-Dir - straight line, f/p - river rat
Aim: a river rat (steam, severely wounded)
The flame tongue hits the river rat.
You kill the river rat!
Casting: Flame Tongue (safe; 3% risk of failure)
Confirm with . or Enter, or press ? or * to list all spells.
Aiming: Flame Tongue (safe; 3% risk of failure)
Press: ? - help, Shift-Dir - straight line, f - rat
Aim: a rat The flame tongue hits the rat.
You kill the rat!
Casting: Flame Tongue (safe; 3% risk of failure)
Confirm with . or Enter, or press ? or * to list all spells.
Aiming: Flame Tongue (safe; 3% risk of failure)
Press: ? - help, Shift-Dir - straight line, f - giant cockroach
Aim: a giant cockroach (clinging)
The flame tongue hits the giant cockroach.
You kill the giant cockroach!
You are engulfed in a cloud of scalding steam.
You die...

######*### #.≈≈≈#≈≈≈#
#..§≈#≈∩≈# #.≈≈≈'s≈≈#
#..≈@###+# ##...≈≈≈≈≈#
#.!..≈≈≈≈≈#
#.......≈≈#
############.†.......#
.............#########
...........###
...........#
...........#


You could see a giant cockroach.

Vanquished Creatures
  An ogre (D:4)
  The ghost of Anon1729 the Sneak, an amateur OpFE (D:4)
  An orc wizard (D:3)
  Terence (D:3)
  4 gnolls
  3 river rats (D:5)
  4 adders
  A shadow imp (D:5)
  2 oozes (D:4)
  4 worms
  4 dart slugs
  7 leopard geckos
  7 orcs
  A ball python (D:2)
  5 giant cockroaches
  7 goblins
  7 hobgoblins
  5 jackals
  3 quokkas
  11 bats
  6 frilled lizards
  7 kobolds
  A quokka skeleton (D:4)
  13 rats
  2 bushes (D:1)
108 creatures vanquished.

Notes
Turn   | Place    | Note
-------+----------+-------------------------------------------
     0 | D:1      | nikopol the Deep Elf Fire Elementalist began the quest for the Orb.
     0 | D:1      | Reached XP level 1. HP: 10/10 MP: 6/6
   285 | D:1      | Reached XP level 2. HP: 14/15 MP: 5/8
   814 | D:1      | Reached XP level 3. HP: 13/19 MP: 5/10
  1511 | D:2      | Reached skill level 4 in Spellcasting
  1626 | D:2      | Reached XP level 4. HP: 15/24 MP: 1/12
  2313 | D:2      | Learned a level 2 spell: Throw Flame
  2317 | D:2      | Learned a level 3 spell: Conjure Flame
  2322 | D:2      | Learned a level 4 spell: Sticky Flame
  2513 | D:3      | Noticed Terence
  2656 | D:3      | Killed Terence
  2656 | D:3      | Reached skill level 5 in Spellcasting
  3320 | D:3      | Reached XP level 5. HP: 28/28 MP: 10/14
  3862 | D:4      | Found a staircase to the Ecumenical Temple.
  3868 | D:4      | Noticed Anon1729's ghost (amateur OpFE)
  3871 | Temple   | Entered the Ecumenical Temple
  4058 | D:4      | Killed Anon1729's ghost
  4280 | D:4      | Noticed an ogre
  4283 | D:4      | Killed an ogre
  4283 | D:4      | Reached skill level 6 in Spellcasting
  4283 | D:4      | Reached XP level 6. HP: 33/33 MP: 10/17
  4454 | D:4      | Found Emoosily's Magic Scroll Emporium.
  4465 | D:4      | Bought a scroll of teleportation for 42 gold pieces
  4465 | D:4      | Bought a scroll of identify for 28 gold pieces
  5068 | D:4      | Found a deep blue altar of Sif Muna.
  5303 | D:5      | Entered Level 5 of the Dungeon
  5393 | D:5      | Reached skill level 5 in Fire Magic
  5478 | D:5      | Found a glowing drain.
  5484 | D:5      | Engulfed by a cloud of steam

Vault maps used:
D:1:      dpeg_arrival_lava_temple_mockup, lexackson_kobold_supper
D:2:      serial_bayou, serial_bayou_pond_a, serial_bayou_shore_b,
          serial_bayou_pond_a, serial_bayou_pond_e
D:3:      uniq_terence
D:4:      temple_fountains, serial_shops, shop, first_ration,
          lemuel_blue_sif_altar
D:5:      yredelemnul_forgotten_temple_becter, kennysheep_little_box,
          gammafunk_temple_overflow_claw, serial_shops,
          nicolae_shop_window_shopping, portal_sewer_entry_e,
          kennysheep_generic_room_13
Temple:   jpeg_temple_island

Skill      XL: |  1  2  3  4  5  6 |
---------------+-------------------+-----
Fire Magic     | 4 5 |  5.1
Spellcasting   | 4 5 6 |  6.4
Conjurations   | 2 3 |  3.2
Stealth        | 3 |  3.6
Dodging        | 3 |  3.2
Fighting       | |  0.4

Action                   |  1- 3 |  4- 6 || total
-------------------------+-------+-------++-------
Melee: Dagger            |    42 |       ||    42
 Cast: Flame Tongue      |    85 |   148 ||   233
       Conjure Flame     |       |     6 ||     6
       Throw Flame       |       |     1 ||     1
       Sticky Flame      |       |     2 ||     2
  Use: Scroll            |       |     6 ||     6
  Eat: Chunk             |     2 |     9 ||    11
       Ration            |       |     1 ||     1
Armor: Robe              |     4 |     8 ||    12
Dodge: Dodged            |    26 |    26 ||    52

Table legend:
 A = Spawn XP
 B = Non-spawn XP
 C = Spawn XP percentage of total XP
 D = Spawn monster count
 E = Non-spawn monster count
 F = Spawn count percentage of total count
 G = Total turns spent on level
                    A         B        C        D         E        F      G
               +---------+---------+-------+---------+---------+-------+---------
         Total |       0 |     641 |   0.0 |       0 |     106 |   0.0 |  5484
               +---------+---------+-------+---------+---------+-------+---------
           D:1 |       0 |      51 |   0.0 |       0 |      32 |   0.0 |  1297
           D:2 |       0 |      76 |   0.0 |       0 |      25 |   0.0 |  1590
           D:3 |       0 |     126 |   0.0 |       0 |      23 |   0.0 |  1301
           D:4 |       0 |     315 |   0.0 |       0 |      16 |   0.0 |   972
           D:5 |       0 |      73 |   0.0 |       0 |      10 |   0.0 |   181
               +---------+---------+-------+---------+---------+-------+---------
